ITL
HAVANA ROLLERS @ TUSCALOOSA TROUT SLAYERS
08/01/2026
 
TOP OF THE 1ST
Havana Rollers batting - Pitching for Tuscaloosa Trout Slayers : RHP Ronald Adams
Pitching: RHP Ronald Adams
Batting: LHB Jimmy Husted 0-0: Foul Ball, location: 2F
0-1: Ball
1-1: Fly out, F6 (Popup, 56D)
Batting: LHB Gyu-sik Yi 0-0: Foul Ball, location: 2F
0-1: Ball
1-1: Ball
2-1: Called Strike
2-2: Ground out 4-3 (Groundball, 34)
Batting: RHB Dani Gómez 0-0: Ball
1-0: Foul Ball, location: 2F
1-1: Ground out 6-3 (Groundball, 6)
Top of the 1st over - 0 run(s), 0 hit(s), 0 error(s), 0 left on base; Havana 0 - Tuscaloosa 0
BOTTOM OF THE 1ST
Tuscaloosa Trout Slayers batting - Pitching for Havana Rollers : RHP Suezo Morimoto
Pitching: RHP Suezo Morimoto
Batting: RHB Lawrence Yates 0-0: Ball
1-0: Called Strike
1-1: Foul Ball, location: 2F
1-2: Ball
2-2: Ground out 1-3 (Groundball, 15S)
Batting: LHB Ed Hart 0-0: Ball
1-0: Foul Ball, location: 2F
1-1: Ball
2-1: SOLO HOME RUN (Flyball, 89XD), Distance : 387 ft
Batting: LHB Albert Morgan 0-0: Called Strike
0-1: Ground out 1-3 (Groundball, 25)
Batting: RHB Tetsunori Ito 0-0: Called Strike
0-1: Ground out 5-3 (Groundball, 56)
Bottom of the 1st over - 1 run(s), 1 hit(s), 0 error(s), 0 left on base; Havana 0 - Tuscaloosa 1
TOP OF THE 2ND
Havana Rollers batting - Pitching for Tuscaloosa Trout Slayers : RHP Ronald Adams
Batting: LHB Wilson Allen 0-0: Called Strike
0-1: Called Strike
0-2: Ball
1-2: Ball
2-2: Ball
3-2: DOUBLE (Line Drive, 89D)
Batting: SHB Pepe Piña 0-0: Called Strike
0-1: Called Strike
0-2: Ball
1-2: Ball
2-2: Foul Ball, location: 2F
2-2: Strikes out swinging
Batting: RHB Salvador Borbón 0-0: Called Strike
0-1: Foul Ball, location: 2F
0-2: Ball
1-2: Ball
2-2: SINGLE (Line Drive, 4D)
Wilson Allen to third
Batting: RHB Paul Bailey 0-0: Grounds into double play, 6-4-3 (Groundball, 6M)
Top of the 2nd over - 0 run(s), 2 hit(s), 0 error(s), 1 left on base; Havana 0 - Tuscaloosa 1
BOTTOM OF THE 2ND
Tuscaloosa Trout Slayers batting - Pitching for Havana Rollers : RHP Suezo Morimoto
Batting: LHB Ricardo Berroa 0-0: Ball
1-0: Swinging Strike
1-1: Called Strike
1-2: Foul Ball, location: 2F
1-2: Ball
2-2: Strikes out swinging
Batting: LHB Sergio Barrón 0-0: Ball
1-0: Ball
2-0: Called Strike
2-1: Called Strike
2-2: Strikes out swinging
Batting: RHB Pedro Rodríguez 0-0: Called Strike
0-1: Ball
1-1: Swinging Strike
1-2: Ball
2-2: Strikes out swinging
Bottom of the 2nd over - 0 run(s), 0 hit(s), 0 error(s), 0 left on base; Havana 0 - Tuscaloosa 1
TOP OF THE 3RD
Havana Rollers batting - Pitching for Tuscaloosa Trout Slayers : RHP Ronald Adams
Batting: RHB Francisco Rincón 0-0: Ground out 6-3 (Groundball, 56)
Batting: LHB José Torres 0-0: Ball
1-0: Ball
2-0: Foul Ball, location: 2F
2-1: Ball
3-1: Foul Ball, location: 2F
3-2: Foul Ball, location: 2F
3-2: Strikes out swinging
Batting: LHB Jimmy Husted 0-0: Called Strike
0-1: Swinging Strike
0-2: Fly out, F8 (Flyball, 89M)
Top of the 3rd over - 0 run(s), 0 hit(s), 0 error(s), 0 left on base; Havana 0 - Tuscaloosa 1
BOTTOM OF THE 3RD
Tuscaloosa Trout Slayers batting - Pitching for Havana Rollers : RHP Suezo Morimoto
Batting: RHB Ben Morton 0-0: Ball
1-0: Ball
2-0: SOLO HOME RUN (Flyball, 7D), Distance : 355 ft
Batting: LHB Wilford Lush 0-0: Ball
1-0: Called Strike
1-1: SINGLE (Groundball, 3D)
Batting: RHB Lawrence Yates 0-0: Called Strike
0-1: Foul Ball, location: 2F
0-2: Strikes out swinging
Batting: LHB Ed Hart 0-0: Ball
1-0: Foul Ball, location: 2F
1-1: Called Strike
1-2: Grounds into double play, U4-3 (Groundball, 4)
Bottom of the 3rd over - 1 run(s), 2 hit(s), 0 error(s), 0 left on base; Havana 0 - Tuscaloosa 2
TOP OF THE 4TH
Havana Rollers batting - Pitching for Tuscaloosa Trout Slayers : RHP Ronald Adams
Batting: LHB Gyu-sik Yi 0-0: Foul Ball, location: 2F
0-1: Ball
1-1: Called Strike
1-2: Ground out 3-1 (Groundball, 3L)
Batting: RHB Dani Gómez 0-0: Called Strike
0-1: Ball
1-1: Fly out, F9 (Flyball, 9S)
Batting: LHB Wilson Allen 0-0: Ball
1-0: SOLO HOME RUN (Flyball, 9LD), Distance : 366 ft
Batting: SHB Pepe Piña 0-0: Fly out, F9 (Flyball, 89M)
Top of the 4th over - 1 run(s), 1 hit(s), 0 error(s), 0 left on base; Havana 1 - Tuscaloosa 2
BOTTOM OF THE 4TH
Tuscaloosa Trout Slayers batting - Pitching for Havana Rollers : RHP Suezo Morimoto
Batting: LHB Albert Morgan 0-0: Called Strike
0-1: Fly out, F4 (Popup, 3D)
Batting: RHB Tetsunori Ito 0-0: Foul Ball, location: 2F
0-1: Ball
1-1: SINGLE (Groundball, 6MD)
Batting: LHB Ricardo Berroa 0-0: Foul Ball, location: 2F
0-1: Foul Ball, location: 2F
0-2: Ball
Passed Ball!
Tetsunori Ito to second
1-2: Ball
2-2: Foul Ball, location: 2F
2-2: Fly out, F7 (Flyball, 7M)
Batting: LHB Sergio Barrón 0-0: Swinging Strike
0-1: Foul Ball, location: 2F
0-2: DOUBLE (Groundball, 3D)
Tetsunori Ito scores
Batting: RHB Pedro Rodríguez 0-0: Called Strike
0-1: Ball
1-1: Ball
2-1: Swinging Strike
2-2: Foul Ball, location: 2F
2-2: Foul Ball, location: 2F
2-2: Ball
3-2: Foul Ball, location: 2F
3-2: Foul Ball, location: 2F
3-2: Ground out 6-3 (Groundball, 56)
Bottom of the 4th over - 1 run(s), 2 hit(s), 0 error(s), 1 left on base; Havana 1 - Tuscaloosa 3
TOP OF THE 5TH
Havana Rollers batting - Pitching for Tuscaloosa Trout Slayers : RHP Ronald Adams
Batting: RHB Salvador Borbón 0-0: Ball
1-0: Ground out 1-3 (Groundball, 23)
Batting: RHB Paul Bailey 0-0: Called Strike
0-1: Foul Ball, location: 2F
0-2: Fly out, F8 (Flyball, 8RXD)
Batting: RHB Francisco Rincón 0-0: Called Strike
0-1: Ground out 6-3 (Groundball, 6)
Top of the 5th over - 0 run(s), 0 hit(s), 0 error(s), 0 left on base; Havana 1 - Tuscaloosa 3
BOTTOM OF THE 5TH
Tuscaloosa Trout Slayers batting - Pitching for Havana Rollers : RHP Suezo Morimoto
Batting: RHB Ben Morton 0-0: Ball
1-0: Swinging Strike
1-1: Ball
2-1: Ground out 5-3 (Groundball, 56)
Batting: LHB Wilford Lush 0-0: Ball
1-0: Foul Ball, location: 2F
1-1: Ball
2-1: Ground out 5-3 (Groundball, 15S)
Batting: RHB Lawrence Yates 0-0: Ball
1-0: Ball
2-0: SINGLE (Line Drive, 6D)
Batting: LHB Ed Hart 0-0: SINGLE (Line Drive, 56D)
Lawrence Yates to second
Batting: LHB Albert Morgan 0-0: Called Strike
0-1: Fly out, F7 (Flyball, 78M)
Bottom of the 5th over - 0 run(s), 2 hit(s), 0 error(s), 2 left on base; Havana 1 - Tuscaloosa 3
TOP OF THE 6TH
Havana Rollers batting - Pitching for Tuscaloosa Trout Slayers : RHP Ronald Adams
Batting: LHB José Torres 0-0: SINGLE (Line Drive, 34D)
Batting: LHB Jimmy Husted 0-0: Ball
1-0: Ball
2-0: Foul Ball, location: 2F
2-1: Fielders Choice at 2nd, 4-6 (Groundball, 34)
Batting: LHB Gyu-sik Yi 0-0: Grounds into double play, 6-4-3 (Groundball, 6)
Top of the 6th over - 0 run(s), 1 hit(s), 0 error(s), 0 left on base; Havana 1 - Tuscaloosa 3
BOTTOM OF THE 6TH
Tuscaloosa Trout Slayers batting - Pitching for Havana Rollers : RHP Suezo Morimoto
Batting: RHB Tetsunori Ito 0-0: Ball
1-0: Fly out, F8 (Line Drive, 8RD)
Batting: LHB Ricardo Berroa 0-0: SINGLE (Line Drive, 15S)
Batting: LHB Sergio Barrón 0-0: Ball
1-0: Called Strike
Ricardo Berroa is caught stealing 2nd base
1-1: Called Strike
1-2: Foul Ball, location: 2F
1-2: Ball
2-2: Ball
3-2: Fly out, F2 (Popup, 25F)
Bottom of the 6th over - 0 run(s), 1 hit(s), 0 error(s), 0 left on base; Havana 1 - Tuscaloosa 3
TOP OF THE 7TH
Havana Rollers batting - Pitching for Tuscaloosa Trout Slayers : RHP Ronald Adams
Batting: RHB Dani Gómez 0-0: Ball
1-0: Swinging Strike
1-1: Ball
2-1: Ball
3-1: DOUBLE (Groundball, 5L)
Batting: LHB Wilson Allen 0-0: Ball
1-0: Swinging Strike
1-1: SINGLE (Line Drive, 4M)
Dani Gómez to third
Runner from 3rd tries for Home, SAFE, no throw or cutoff
Batting: SHB Pepe Piña 0-0: Ball
1-0: Ground out 4-3 (Groundball, 4M)
Wilson Allen to second
Pinch Hitting: LHB Zhi-huan Loong 0-0: SINGLE (Groundball, 4MD)
Wilson Allen to third
Runner from 3rd tries for Home, SAFE, throw made home
Zhi-huan Loong to second
Batting: RHB Paul Bailey 0-0: Intentional Walk
Pinch Hitting: RHB Jack Bailey 0-0: Swinging Strike
0-1: Ball
1-1: Ball
2-1: Ball
3-1: Swinging Strike
3-2: Foul Ball, location: 2F
3-2: Foul Ball, location: 2F
3-2: Strikes out swinging
Batting: LHB José Torres 0-0: Ball
1-0: Fly out, F8 (Line Drive, 8RM)
Top of the 7th over - 2 run(s), 3 hit(s), 0 error(s), 2 left on base; Havana 3 - Tuscaloosa 3
BOTTOM OF THE 7TH
Tuscaloosa Trout Slayers batting - Pitching for Havana Rollers : RHP Suezo Morimoto
Now at 3B: Raynard Brenner
Now at SS: Chad Case
Batting: RHB Pedro Rodríguez 0-0: Fly out, F9 (Line Drive, 9LM)
Batting: RHB Ben Morton 0-0: SINGLE (Flyball, 9S)
Pinch Hitting: LHB Marcos Villarreal 0-0: Called Strike
0-1: Grounds into double play, 6-4-3 (Groundball, 6M)
Bottom of the 7th over - 0 run(s), 1 hit(s), 0 error(s), 0 left on base; Havana 3 - Tuscaloosa 3
TOP OF THE 8TH
Havana Rollers batting - Pitching for Tuscaloosa Trout Slayers : RHP Ronald Adams
Now at 2B: Alberto Pérez
Batting: LHB Jimmy Husted 0-0: Called Strike
0-1: Foul Ball, location: 2F
0-2: Ball
1-2: Foul Ball, location: 2F
1-2: Ball
2-2: Ball
3-2: Foul Ball, location: 2F
3-2: SINGLE (Groundball, 56)
Pitching: LHP Claude Pinard
Pinch Hitting: RHB Carlos MacKinney 0-0: Bunted foul
0-1: Ball
1-1: Sac Bunt - play at first, batter OUT! 1-4
Jimmy Husted to second
Batting: RHB Dani Gómez 0-0: Foul Ball, location: 2F
0-1: Called Strike
0-2: Ball
1-2: Ball
2-2: Ball
3-2: Foul Ball, location: 2F
3-2: Strikes out swinging
Batting: LHB Wilson Allen 0-0: Ball
1-0: Foul Ball, location: 2F
1-1: Swinging Strike
1-2: Ball
2-2: Ball
3-2: Base on Balls
Batting: SHB Pepe Piña 0-0: Called Strike
0-1: Ball
1-1: SINGLE (Line Drive, 89S)
Jimmy Husted to third
Wilson Allen to second
Runner from 3rd tries for Home, SAFE, no throw or cutoff
Pinch Hitting: RHB Victor Andrews 0-0: Ground out 2-3 (Groundball, 25)
Top of the 8th over - 1 run(s), 2 hit(s), 0 error(s), 2 left on base; Havana 4 - Tuscaloosa 3
BOTTOM OF THE 8TH
Tuscaloosa Trout Slayers batting - Pitching for Havana Rollers : RHP Suezo Morimoto
Now at 2B: Noriaki Oshima
Now at 3B: Victor Andrews
Batting: RHB Lawrence Yates 0-0: Ball
1-0: Called Strike
1-1: Called Strike
1-2: Strikes out swinging
Batting: LHB Ed Hart 0-0: Ball
1-0: Ball
2-0: Ball
3-0: Called Strike
3-1: Fly out, F8 (Flyball, 8RXD)
Batting: LHB Albert Morgan 0-0: Ball
1-0: Foul Ball, location: 2F
1-1: Ball
2-1: Fly out, F6 (Popup, 4M)
Bottom of the 8th over - 0 run(s), 0 hit(s), 0 error(s), 0 left on base; Havana 4 - Tuscaloosa 3
TOP OF THE 9TH
Havana Rollers batting - Pitching for Tuscaloosa Trout Slayers : LHP Claude Pinard
Pitching: LHP Luis López
Batting: RHB Paul Bailey 0-0: Ground out 1-3 (Groundball, 2L)
Batting: RHB Chad Case 0-0: Called Strike
0-1: Ball
1-1: Foul Ball, location: 2F
1-2: Ball
2-2: SINGLE (Groundball, 15) (infield hit)
Batting: LHB José Torres 0-0: Ball
1-0: Called Strike
1-1: Ball
2-1: Ball
3-1: Base on Balls
Chad Case to second
Batting: LHB Jimmy Husted 0-0: Swinging Strike
0-1: Ball
1-1: Swinging Strike
1-2: Ball
2-2: Strikes out swinging
Batting: LHB Noriaki Oshima 0-0: Ball
1-0: SINGLE (Line Drive, 4D)
Chad Case to third
José Torres to second
Runner from 3rd tries for Home, SAFE, throw made home
José Torres to third
Noriaki Oshima to second
Now in RF: Lowie van den Bogaert
Batting: RHB Dani Gómez 0-0: Called Strike
0-1: Ball
1-1: Ball
2-1: Fly out, F7 (Flyball, 78M)
Top of the 9th over - 1 run(s), 2 hit(s), 0 error(s), 2 left on base; Havana 5 - Tuscaloosa 3
BOTTOM OF THE 9TH
Tuscaloosa Trout Slayers batting - Pitching for Havana Rollers : RHP Suezo Morimoto
Pitching: RHP Augusto Muñíz
Batting: RHB Tetsunori Ito 0-0: Foul Ball, location: 2F
0-1: Fly out, F7 (Flyball, 7S)
Batting: LHB Ricardo Berroa 0-0: Ball
1-0: Called Strike
1-1: Fly out, F5 (Popup, 5L)
Batting: LHB Sergio Barrón 0-0: Swinging Strike
0-1: Ball
1-1: Fly out, F7 (Flyball, 7M)
Bottom of the 9th over - 0 run(s), 0 hit(s), 0 error(s), 0 left on base; Havana 5 - Tuscaloosa 3
Monday, December 5th, 2016 - OOTP Baseball 17.12 Build 75